Map: Ice and Chrome LE

Players

MaSa - Winner!

  • Race: Terran Terran
  • Spawn Location: 7:00

LiquidTLO (TLO)

  • Race: Zerg Zerg
  • League: Master
  • Spawn Location: 1:00

Event: DreamHack SC2 Masters 2020 Summer North America

VOD

Have the link to the VOD?

Description

Time

  • Played on: July 1, 2020, 4:26 p.m.
  • Length: 21:55

All games in this series

Show
View Real Time Build Order
Export as new Build Order

MaSa Terran - Winner!

Build Orders: Liberator Opening, Reaper Expand 

Get SALT Encoding   

  12  0:00  SCV  
  13  0:12  SCV  
  14  0:16  Supply Depot  
  14  0:24  SCV  
  15  0:38  SCV  
  15  0:39  Barracks  
  16  0:44  Refinery  
  16  0:50  SCV  
  17  1:02  SCV  
  18  1:14  SCV  
  19  1:26  Reaper  
  19  1:27  Orbital Command  
  20  1:41  Command Center  
  20  1:53  Supply Depot  
  20  1:54  SCV  
  21  1:57  Marine  
  22  2:06  SCV  
  23  2:15  Marine  
  23  2:18  SCV, Factory  
  25  2:30  SCV  
  26  2:42  SCV, Command Center  
  26  2:43  Barracks Reactor  
  27  2:52  Refinery  
  27  2:54  SCV  
  27  2:58  Orbital Command  
  28  3:07  Starport  
  28  3:10  SCV  
  29  3:22  SCV  
  29  3:24  Hellion  
  29  3:25  Hellion  
  29  3:26  SCV  
  35  3:34  SCV  
  35  3:40  SCV  
  36  3:46  Hellion x2  
  40  3:49  Liberator  
  40  3:51  SCV  
  40  3:53  SCV  
  45  3:56  Orbital Command  
  45  4:03  SCV  
  45  4:07  SCV, Hellion  
  45  4:08  Hellion  
  51  4:14  Factory  
  51  4:16  Factory  
  51  4:17  SCV  
  51  4:21  SCV  
  51  4:22  SCV, Supply Depot  
  54  4:26  Refinery  
  54  4:29  SCV  
  54  4:30  Refinery  
  55  4:36  SCV  
  55  4:37  Starport Tech Lab  
  55  4:38  Barracks Tech Lab  
  56  4:39  SCV  
  56  4:42  Hellion  
  56  4:45  Hellion, Supply Depot  
  61  4:47  SCV  
  61  4:50  SCV  
  61  4:51  SCV  
  64  4:54  Supply Depot  
  64  4:59  SCV  
  65  5:02  SCV  
  65  5:04  Starport Reactor, Cyclone  
  69  5:07  SCV  
  69  5:11  Supply Depot  
  69  5:13  Armory  
  70  5:17  Armory  
  70  5:19  SCV  
  70  5:21  SCV x2  
  73  5:31  SCV  
  73  5:33  Engineering Bay, Cyclone, Widow Mine  
  73  5:34  Widow Mine  
  72  5:36  Supply Depot  
  72  5:39  SCV  
  72  5:41  Orbital Command  
  72  5:42  Cyclone  
  76  5:44  SCV  
  77  5:53  SCV  
  77  5:54  Refinery  
  77  5:56  SCV  
  81  5:57  Widow Mine x2  
  81  5:59  Refinery  
  81  6:03  Terran Vehicle Weapons Level 1  
  83  6:05  SCV  
  83  6:08  SCV  
  83  6:10  Missile Turret  
  85  6:12  Missile Turret  
  85  6:15  Missile Turret  
  85  6:16  SCV  
  85  6:17  SCV  
  85  6:18  Terran Vehicle And Ship Armor Level 1  
  87  6:22  Cyclone  
  90  6:27  SCV  
  90  6:31  Hellion x2, Cyclone  
  90  6:32  SCV  
  99  6:37  SCV  
  99  6:38  Supply Depot  
  100  6:43  SCV  
  100  6:45  Supply Depot  
  101  6:51  Supply Depot  
  101  6:55  Barracks Reactor  
  101  6:59  SCV x3, Factory  
  101  7:00  Hellion x2  
  108  7:03  Factory  
  108  7:06  Cyclone  
  108  7:08  Supply Depot  
  111  7:09  Cyclone  
  111  7:12  SCV  
  111  7:13  Supply Depot, Liberator  
  111  7:15  Supply Depot  
  118  7:16  Liberator  
  118  7:19  SCV x2  
  123  7:31  Missile Turret  
  123  7:36  Hellion x2  
  125  7:38  Thor  
  125  7:40  SCV x3  
  125  7:41  Supply Depot  
  125  7:43  Thor  
  140  7:52  SCV  
  134  7:59  Widow Mine x2, Factory Tech Lab  
  132  8:06  Command Center  
  132  8:08  Infernal Pre-Igniter  
  132  8:10  Mag-Field Accelerator  
  132  8:11  Sensor Tower  
  132  8:13  SCV x2  
  132  8:18  Liberator  
  137  8:21  Thor  
  137  8:25  Hellion x2  
  137  8:26  Hellion x2  
  152  8:27  SCV x2  
  152  8:33  SCV  
  154  8:37  Thor  
  156  8:47  SCV  
  156  8:51  Hellion  
  156  8:52  Hellion  
  157  8:58  Supply Depot, Terran Vehicle Weapons Level 2  
  157  8:59  Supply Depot, Hellion x2  
  157  9:01  SCV x2  
  157  9:02  Armory  
  162  9:06  Liberator  
  165  9:16  Missile Turret  
  165  9:18  SCV x2, Liberator  
  165  9:21  Cyclone x2  
  176  9:28  Cyclone  
  176  9:29  Hellion x2  
  183  9:45  Hellion x2  
  181  9:48  SCV x2  
  181  9:50  Planetary Fortress  
  181  9:51  Factory x2  
  169  10:01  SCV x3  
  169  10:03  Refinery  
  169  10:04  Missile Turret, Liberator  
  169  10:05  Missile Turret  
  169  10:06  Refinery  
  175  10:11  Missile Turret  
  175  10:15  Cyclone x2, Refinery  
  181  10:22  Hellion x2  
  181  10:23  Hellion x2  
  181  10:27  Cyclone  
  189  10:36  Factory Reactor  
  189  10:37  Factory Tech Lab  
  189  10:40  Command Center  
  186  10:47  Cyclone x2  
  186  11:00  Cyclone  
  186  11:01  Cyclone  
  190  11:08  Hellion x3  
  162  11:19  Cyclone x2  
  153  11:32  Cyclone, Liberator x2  
  134  11:33  Cyclone  
  131  11:42  Hellion  
  131  11:43  Hellion x4  
  137  11:47  Hellion  
  137  11:48  SCV  
  137  11:51  Cyclone x2  
  137  11:52  Command Center  
  146  11:55  Command Center x2  
  146  12:03  Starport, Fusion Core  
  146  12:04  Cyclone  
  146  12:05  Cyclone  
  152  12:22  Hellion x3, Refinery  
  152  12:23  Hellion, Cyclone x2  
  152  12:25  SCV  
  158  12:32  SCV x3  
  158  12:33  Terran Vehicle Weapons Level 3  
  158  12:36  Cyclone  
  164  12:37  Cyclone  
  165  12:44  Smart Servos  
  165  12:48  Starport Reactor  
  165  12:52  Orbital Command  
  165  12:54  Command Center, Refinery  
  165  12:55  Cyclone  
  168  12:59  Liberator  
  168  13:00  Liberator  
  168  13:05  Hellion x2  
  174  13:07  Command Center  
  174  13:08  Orbital Command  
  174  13:09  Orbital Command, Factory  
  174  13:17  Orbital Command, Terran Vehicle And Ship Armor Level 2  
  174  13:22  Cyclone x2  
  176  13:34  Liberator  
  176  13:40  Hellion x3, Cyclone x2  
  176  13:41  Hellion  
  193  13:46  Hellion  
  191  13:52  Liberator  
  191  13:54  Cyclone x2, Factory Tech Lab  
  193  13:55  SCV  
  193  13:56  Hellion  
  193  14:02  Hellion  
  190  14:05  Viking  
  190  14:06  Viking  
  190  14:07  SCV x4  
  188  14:17  Advanced Ballistics  
  188  14:20  Cyclone  
  194  14:29  Cyclone  
  197  14:34  Hellion x3  
  197  14:36  Thor  
  197  14:37  Viking  
  195  14:50  Viking x2  
  170  15:02  Hellion, Cyclone x4  
  151  15:12  Viking x2  
  149  15:18  Terran Ship Weapons Level 1  
  149  15:20  Liberator  
  149  15:27  Hellion x5  
  149  15:28  SCV, Sensor Tower  
  160  15:35  Cyclone x2  
  166  15:37  Cyclone  
  169  15:45  Liberator x2  
  169  15:46  Viking  
  177  15:53  Hellion x5  
  187  15:59  Planetary Fortress, Cyclone  
  190  16:07  Viking  
  189  16:12  Refinery  
  189  16:13  Refinery  
  189  16:16  Liberator  
  189  16:17  Hellion x3  
  189  16:18  Hellion x2  
  193  16:30  Thor  
  193  16:31  Hellion  
  193  16:32  Hellion  
  197  16:40  Missile Turret  
  197  16:41  Missile Turret  
  197  16:44  Sensor Tower  
  197  16:45  Liberator  
  200  17:05  Viking x2, Liberator  
  155  17:17  Cyclone x2  
  128  17:27  Starport  
  128  17:28  Liberator  
  128  17:29  Starport  
  128  17:30  Cyclone x3, Command Center  
  128  17:31  Hellion x2  
  128  17:35  Liberator  
  128  17:36  Viking  
  143  17:39  Missile Turret  
  143  17:42  Hellion x2  
  147  17:49  Hellion x2, Cyclone  
  154  17:58  Cyclone  
  154  17:59  Liberator  
  154  18:00  Terran Ship Weapons Level 2  
  154  18:02  Cyclone  
  160  18:06  Liberator  
  160  18:10  Terran Vehicle And Ship Armor Level 3  
  161  18:14  Liberator  
  160  18:25  Hellion x2, Cyclone  
  160  18:26  Liberator  
  176  18:28  Missile Turret  
  176  18:29  Hi-Sec Auto Tracking  
  176  18:33  Refinery, Missile Turret x2  
  173  18:34  Cyclone x2  
  173  18:37  Refinery, Thor x2  
  185  18:51  Hellion x2  
  189  18:58  Liberator  
  189  19:02  Planetary Fortress  
  192  19:05  Thor  
  198  19:14  Starport Reactor  
  195  19:26  Neosteel Armor, Liberator  
  195  19:27  Viking  
  195  19:28  Hellion  
  196  19:48  Cyclone  
  194  20:00  Viking  
  194  20:01  Viking  
  193  20:18  Liberator x2  
  193  20:19  Cyclone x2  
  193  20:20  Hellion x4, Cyclone  
  193  20:21  Hellion  
  149  20:38  Viking x2  
  139  20:43  Hellion x3  
  139  20:49  Command Center  
  145  20:51  Command Center  
  145  20:57  Hellion x3, Cyclone x5  
  163  21:07  Liberator x2  
  163  21:08  Viking x4  
  174  21:20  Hellion x3  
  194  21:49  Refinery  
  194  21:50  Refinery  
Show
View Real Time Build Order
Export as new Build Order

LiquidTLO Zerg 

Build Orders: Hatch First, Brood Lord Corruptor 

Get SALT Encoding   

  12  0:00  Drone  
  13  0:12  Overlord  
  13  0:17  Drone  
  14  0:31  Drone x2  
  16  0:47  Hatchery  
  15  0:51  Drone  
  15  0:55  Drone  
  17  0:59  Drone  
  18  1:05  Extractor  
  17  1:13  Spawning Pool  
  17  1:16  Drone  
  17  1:20  Drone  
  18  1:29  Drone  
  19  1:55  Drone  
  19  2:00  Queen x2  
  25  2:01  Zergling x2  
  25  2:04  Overlord  
  25  2:08  Drone  
  26  2:12  Metabolic Boost  
  26  2:14  Drone  
  27  2:18  Drone  
  28  2:29  Drone  
  28  2:30  Drone  
  29  2:37  Spore Crawler  
  29  2:41  Hatchery  
  28  2:44  Drone  
  28  2:46  Drone  
  28  2:48  Zergling x2  
  31  2:52  Overlord  
  31  2:54  Drone  
  32  3:01  Overlord  
  32  3:05  Queen  
  32  3:10  Drone  
  32  3:12  Drone  
  36  3:14  Drone  
  36  3:16  Drone  
  36  3:17  Drone x2  
  40  3:21  Drone  
  40  3:25  Queen  
  43  3:28  Zergling x2  
  43  3:29  Zergling x2  
  45  3:36  Overlord  
  45  3:40  Overlord  
  44  3:44  Overlord  
  44  3:47  Drone  
  45  3:50  Drone  
  45  3:53  Queen  
  49  3:55  Drone  
  49  3:58  Lair, Drone  
  49  3:59  Drone  
  52  4:02  Zergling x2  
  52  4:03  Zergling x2  
  52  4:07  Zergling x2  
  52  4:08  Zergling x2  
  55  4:11  Drone  
  55  4:12  Extractor  
  55  4:13  Extractor  
  54  4:18  Drone, Baneling Nest  
  54  4:19  Drone  
  54  4:21  Zergling x2, Drone  
  54  4:22  Drone  
  54  4:24  Drone  
  59  4:25  Zergling x2  
  59  4:27  Drone  
  61  4:35  Drone  
  61  4:37  Drone  
  63  4:39  Overlord, Drone x2  
  63  4:42  Extractor  
  63  4:43  Spore Crawler  
  63  4:45  Drone x3  
  66  4:47  Drone  
  66  4:48  Drone  
  66  4:51  Drone  
  69  4:55  Spore Crawler, Overseer  
  69  4:56  Drone  
  69  4:59  Drone  
  70  5:00  Drone  
  70  5:06  Drone, Spire  
  71  5:08  Drone  
  68  5:16  Drone x2  
  68  5:17  Drone  
  68  5:20  Drone  
  71  5:21  Drone  
  71  5:24  Extractor  
  71  5:25  Extractor  
  69  5:32  Drone  
  69  5:33  Drone x3  
  69  5:34  Drone x2  
  69  5:35  Drone  
  74  5:36  Drone  
  74  5:40  Drone  
  74  5:41  Drone  
  74  5:42  Drone  
  78  5:44  Drone  
  79  5:50  Drone  
  79  5:51  Drone  
  79  5:53  Evolution Chamber  
  79  5:54  Evolution Chamber, Baneling x3  
  79  5:57  Spore Crawler  
  79  5:58  Zergling x2  
  79  6:02  Overlord  
  79  6:05  Drone  
  79  6:06  Drone x2  
  79  6:07  Drone  
  79  6:09  Overlord  
  83  6:12  Overlord x2  
  83  6:19  Overlord  
  83  6:20  Overlord, Zerg Flyer Weapons Level 1  
  83  6:21  Mutalisk  
  83  6:23  Mutalisk  
  83  6:24  Baneling  
  87  6:27  Mutalisk x2  
  87  6:30  Mutalisk  
  87  6:32  Mutalisk  
  94  6:38  Hatchery, Mutalisk  
  95  6:41  Mutalisk, Drone  
  95  6:44  Mutalisk  
  95  6:46  Mutalisk  
  102  6:49  Mutalisk  
  102  6:53  Drone x2  
  107  6:54  Overlord, Drone  
  107  6:55  Mutalisk  
  109  7:01  Drone  
  109  7:02  Drone x4  
  109  7:04  Mutalisk  
  109  7:06  Mutalisk  
  118  7:12  Mutalisk, Extractor  
  118  7:14  Drone x2  
  121  7:17  Extractor  
  121  7:18  Mutalisk  
  122  7:23  Zergling x4, Overlord  
  122  7:24  Zergling x2  
  122  7:25  Drone  
  122  7:28  Mutalisk  
  128  7:31  Mutalisk  
  130  7:38  Hatchery  
  130  7:39  Drone  
  130  7:40  Infestation Pit  
  130  7:42  Zergling x2  
  131  7:44  Zergling x2  
  129  7:51  Drone  
  129  7:53  Zergling x4  
  129  7:54  Drone  
  129  7:55  Drone  
  129  7:56  Drone  
  129  7:57  Drone x2  
  129  7:58  Drone  
  129  8:04  Mutalisk x2  
  129  8:05  Mutalisk  
  135  8:08  Drone  
  135  8:09  Zerg Missile Weapons Level 1  
  135  8:12  Queen x2  
  136  8:13  Roach Warren  
  136  8:16  Zergling x2  
  139  8:21  Pathogen Glands  
  139  8:22  Overlord  
  139  8:24  Drone  
  139  8:26  Zergling x4  
  142  8:29  Zerg Flyer Armor Level 1  
  142  8:33  Overlord  
  142  8:35  Overlord  
  140  8:45  Drone  
  140  8:48  Zergling x2  
  133  8:49  Queen, Drone  
  133  8:52  Infestor x5  
  144  8:55  Zergling x2  
  144  8:59  Overlord  
  144  9:02  Glial Reconstitution  
  144  9:04  Roach x2  
  144  9:05  Queen  
  144  9:08  Drone x2  
  144  9:09  Drone  
  153  9:12  Infestor  
  153  9:13  Queen  
  153  9:15  Overlord  
  153  9:17  Burrow  
  157  9:18  Zergling x2  
  157  9:19  Zergling x2  
  157  9:23  Hatchery, Neural Parasite  
  158  9:28  Roach  
  160  9:32  Roach x2  
  160  9:33  Zergling x2  
  160  9:36  Roach  
  160  9:37  Roach  
  160  9:38  Roach  
  168  9:46  Drone x14  
  168  9:47  Overlord  
  168  9:49  Overlord  
  181  9:56  Ravager x3  
  181  9:57  Infestor  
  181  9:58  Infestor x2  
  190  10:00  Overlord  
  190  10:02  Overlord  
  190  10:05  Ravager  
  190  10:06  Ravager x2  
  193  10:08  Overlord  
  193  10:10  Overlord  
  193  10:17  Overlord  
  193  10:19  Drone  
  190  10:26  Drone  
  192  10:28  Roach x2  
  192  10:29  Ravager x2, Zerg Missile Weapons Level 2, Hive  
  192  10:34  Evolution Chamber  
  195  10:37  Drone  
  196  10:45  Infestor  
  196  10:46  Infestor x4  
  192  10:51  Roach x2  
  192  10:54  Spore Crawler  
  192  10:55  Spore Crawler  
  192  10:57  Roach, Baneling  
  187  11:04  Extractor  
  187  11:06  Infestor x2  
  187  11:07  Roach  
  187  11:08  Roach  
  165  11:15  Zergling x2, Roach  
  165  11:16  Roach  
  165  11:17  Roach  
  168  11:19  Roach x2  
  162  11:27  Roach  
  162  11:28  Roach x8  
  162  11:30  Roach x2  
  162  11:31  Zergling x16, Roach  
  162  11:32  Zergling x6  
  176  11:33  Roach  
  176  11:35  Roach  
  178  11:41  Zergling x2  
  178  11:42  Spire  
  178  11:43  Zergling x2  
  173  11:48  Drone  
  173  11:51  Extractor  
  173  11:52  Overlord, Zerg Melee Weapons Level 1  
  173  11:54  Drone x2  
  173  11:57  Drone  
  173  11:59  Greater Spire  
  176  12:04  Tunneling Claws  
  176  12:06  Spore Crawler  
  176  12:08  Infestor x2  
  175  12:13  Drone  
  180  12:21  Drone x2  
  180  12:22  Drone  
  173  12:25  Infestor x2  
  173  12:27  Zergling x2  
  176  12:33  Ravager x6  
  176  12:34  Infestor x2  
  172  12:44  Corruptor x2  
  172  12:48  Corruptor x3  
  172  12:50  Zergling x2, Overlord  
  181  12:52  Drone x2  
  181  12:54  Overlord  
  182  13:01  Drone  
  182  13:02  Drone  
  182  13:03  Drone  
  178  13:09  Corruptor  
  178  13:10  Corruptor x4  
  188  13:24  Brood Lord x2  
  188  13:25  Infestor x4, Brood Lord  
  188  13:26  Overlord  
  194  13:28  Overlord, Roach x5  
  194  13:30  Overlord  
  193  13:34  Overlord  
  193  13:36  Overlord  
  193  13:41  Overlord  
  180  13:42  Drone  
  180  13:43  Corruptor x2  
  180  13:46  Overlord  
  180  13:50  Brood Lord x3  
  180  13:51  Drone  
  180  13:54  Spine Crawler, Drone x2, Corruptor x2  
  180  13:55  Spine Crawler, Spore Crawler, Drone  
  187  13:56  Spine Crawler  
  184  14:07  Corruptor  
  182  14:10  Drone  
  182  14:12  Drone x2  
  182  14:13  Drone  
  182  14:16  Zerg Flyer Weapons Level 2  
  186  14:22  Infestor x2  
  182  14:26  Roach x2  
  182  14:27  Roach x2  
  182  14:28  Roach x2  
  182  14:30  Zergling x2  
  187  14:33  Zergling x2, Roach  
  187  14:34  Roach  
  187  14:36  Roach  
  187  14:37  Overlord  
  189  14:49  Roach  
  189  14:50  Roach x3  
  174  14:53  Drone  
  174  14:54  Drone  
  154  15:00  Drone  
  154  15:03  Drone  
  154  15:04  Drone  
  154  15:06  Drone  
  153  15:08  Infestor x2  
  153  15:09  Drone x7  
  153  15:11  Infestor x2  
  153  15:12  Infestor x3  
  172  15:16  Infestor  
  172  15:19  Overlord  
  172  15:20  Zergling x4  
  175  15:26  Zerg Flyer Armor Level 2  
  175  15:29  Mutalisk  
  175  15:33  Spore Crawler  
  175  15:34  Infestor  
  178  15:38  Overlord  
  178  15:40  Hatchery  
  177  15:46  Hatchery  
  177  15:48  Mutalisk  
  175  15:57  Mutalisk x2  
  175  15:58  Mutalisk  
  175  16:01  Mutalisk  
  175  16:02  Mutalisk  
  175  16:03  Spore Crawler  
  184  16:04  Mutalisk  
  184  16:07  Extractor  
  184  16:08  Overlord  
  184  16:10  Extractor  
  182  16:15  Hatchery  
  182  16:17  Mutalisk x2  
  182  16:18  Mutalisk  
  186  16:19  Infestor x3  
  186  16:21  Mutalisk  
  186  16:23  Mutalisk  
  186  16:25  Infestor x5  
  192  16:28  Mutalisk  
  192  16:32  Mutalisk  
  194  16:36  Zergling x2  
  194  16:37  Zergling x8  
  194  16:44  Mutalisk  
  188  17:05  Roach  
  188  17:06  Roach  
  188  17:07  Mutalisk x2  
  176  17:10  Drone x2  
  176  17:12  Drone x2  
  176  17:13  Drone x2  
  158  17:17  Mutalisk  
  158  17:20  Mutalisk x3  
  158  17:22  Drone  
  144  17:23  Drone  
  144  17:24  Drone  
  144  17:27  Mutalisk  
  146  17:35  Mutalisk, Zerg Flyer Weapons Level 3  
  140  17:40  Mutalisk  
  142  17:46  Mutalisk  
  142  17:47  Drone x2  
  142  17:50  Mutalisk  
  148  17:52  Mutalisk  
  148  17:54  Drone  
  148  17:56  Drone  
  152  18:00  Mutalisk  
  152  18:02  Mutalisk  
  156  18:07  Drone  
  156  18:08  Overlord, Mutalisk  
  158  18:16  Infestor  
  158  18:20  Drone  
  158  18:24  Zergling x10  
  163  18:27  Drone  
  163  18:28  Mutalisk x2  
  167  18:40  Mutalisk  
  168  18:44  Zergling x4  
  168  18:45  Zergling x2  
  171  18:50  Mutalisk x2  
  171  18:51  Mutalisk  
  176  18:59  Ravager  
  176  19:00  Ravager  
  176  19:02  Roach  
  180  19:10  Spore Crawler  
  180  19:12  Zergling x2  
  180  19:13  Spore Crawler x2  
  180  19:15  Hatchery, Infestor  
  179  19:19  Overseer  
  179  19:22  Infestor  
  159  19:30  Infestor  
  153  19:33  Zergling x2, Infestor  
  153  19:36  Drone  
  153  19:37  Drone  
  152  19:39  Corruptor  
  152  19:40  Zergling x2  
  152  19:44  Drone x2, Extractor  
  156  19:46  Infestor  
  156  19:50  Corruptor, Drone, Extractor  
  158  19:57  Corruptor  
  158  19:59  Zergling x2  
  158  20:00  Drone  
  158  20:01  Drone  
  158  20:04  Infestor  
  149  20:19  Roach x2  
  134  20:22  Corruptor  
  110  20:28  Roach  
  110  20:29  Roach  
  110  20:31  Roach  
  110  20:32  Zergling x2, Roach  
  110  20:33  Zergling x18, Corruptor  
  125  20:40  Zergling x2  
  125  20:41  Overlord  
  121  20:42  Hatchery, Overlord  
  121  20:47  Overlord  
  121  20:49  Infestor  
  122  20:55  Hatchery, Infestor  
  117  21:06  Corruptor  
  118  21:14  Roach  
  118  21:15  Roach  
  117  21:22  Roach  
  114  21:29  Drone  
  114  21:33  Zergling x2  
  114  21:34  Baneling  
  114  21:39  Drone  
Tags
 
Add a new tag
Caveats
  • Supply blocks, unpowered buildings, or Contaminate may cause inaccurate times.
  • Supply counts are checked every 10 seconds.